 Dungeon Crawl Stone Soup version 0.22-a0-479-gc6e99f3 (webtiles) character file.

39 KristoblXynda the Magician (level 3, -5/31 HPs)
             Began as a Troll Wizard on June 14, 2018.
             Slain by a worm (12 damage)
             ... on level 2 of the Dungeon.
             The game lasted 00:01:30 (683 turns).

KristoblXynda the Magician (Troll Wizard)            Turns: 683, Time: 00:01:31

Health: -5/31      AC:  5    Str: 15    XL:     3   Next: 26%
Magic:  5/5        EV:  9    Int: 15    God:
Gold:   23         SH:  0    Dex:  8    Spells: 5/6 levels left

rFire    . . .     SeeInvis .     - Unarmed
rCold    . . .     Gourm    +   (no shield)
rNeg     . . .     Faith    .   a - +0 robe
rPois    .         Spirit   .   b - +0 hat
rElec    .         Reflect  .   (no cloak)
rCorr    .         Harm     .   (gloves unavailable)
MR       .....                  (boots unavailable)
Stlth    +.........             (no amulet)
HPRegen  0.50/turn              (no ring)
MPRegen  0.09/turn              (no ring)

@: no status effects
A: large, unfitting armour, claws 3, fast metabolism 3, gourmand, regeneration
1, shaggy fur 1, tough skin 2
a: no special abilities


You were on level 2 of the Dungeon.
You were not hungry.

You visited 1 branch of the dungeon, and saw 2 of its levels.

You collected 23 gold pieces.

Inventory:

Armour
 a - a +0 robe (worn)
 b - a +0 hat (worn)
Scrolls
 c - 4 scrolls of identify {unknown}
 e - a scroll of fear {unknown}
 f - a scroll of blinking {unknown}
 g - a scroll of remove curse {unknown}
 i - a scroll of noise {unknown}
Potions
 h - a potion of haste {unknown}
Comestibles
 d - 5 rations


   Skills:
 - Level 1.5 Dodging
 - Level 1.0 Stealth
 + Level 2.0 Unarmed Combat
 - Level 2.0 Spellcasting
 + Level 1.7 Conjurations
   Level 0.6 Summonings
   Level 0.6 Translocations


You had 5 spell levels left.
You knew the following spells:

 Your Spells              Type           Power        Failure   Level  Hunger
a - Magic Dart            Conj           #...         11%         1    #......

Your spell library contained the following spells:

 Spells                   Type           Power        Failure   Level  Hunger
 Conjure Flame            Conj/Fire      #.......     43%         3    ###....
 Slow                     Hex            #.......     32%         2    ###....
 Mephitic Cloud           Conj/Pois/Air  #.......     47%         3    ###....
 Blink                    Tloc           N/A          26%         2    ###....
 Call Imp                 Summ           #.......     26%         2    ###....


Dungeon Overview and Level Annotations

Branches:
Dungeon (2/15)

Altars:


Innate Abilities, Weirdness & Mutations

You are too large for most types of armour.
You have claws for hands.
Your metabolism is lightning-fast.
You like to eat raw meat.
Your natural rate of healing is unusually fast.
You are covered in fur. (AC +1)
You have very tough skin. (AC +2)


Message History

* * * LOW HITPOINT WARNING * * *
You completely miss the leopard gecko.
The leopard gecko is lightly wounded.
The leopard gecko barely misses you.
You scratch the leopard gecko.
The leopard gecko is heavily wounded.
The leopard gecko closely misses you.
You closely miss the leopard gecko.
The leopard gecko is heavily wounded.
The leopard gecko bites you but does no damage.
The worm bites you.
* * * LOW HITPOINT WARNING * * *
You closely miss the leopard gecko.
The leopard gecko is heavily wounded.
The leopard gecko barely misses you.
You scratch the leopard gecko.
The leopard gecko is almost dead.
The leopard gecko bites you but does no damage.
The worm bites you!
You die...

#.........
#.........#
#..........
###.........#
#..w...#....#
#.#....#....
#...........
...###.##w#.#..
........l@.#...
....######## ##
..


You could see a worm and a leopard gecko.

Vanquished Creatures
  An adder (D:2)
  An ooze (D:1)
  A leopard gecko (D:1)
  4 bats (D:1)
  4 goblins (D:1)
  4 hobgoblins (D:1)
  2 ball pythons (D:1)
  2 frilled lizards
  2 kobolds (D:1)
  A rat (D:1)
22 creatures vanquished.

Notes
Turn   | Place    | Note
-------+----------+-------------------------------------------
     0 | D:1      | KristoblXynda the Troll Wizard began the quest for the Orb.
     0 | D:1      | Reached XP level 1. HP: 16/16 MP: 2/2
    34 | D:1      | Reached skill level 1 in Conjurations
    47 | D:1      | Reached skill level 1 in Unarmed Combat
    76 | D:1      | Reached XP level 2. HP: 21/24 MP: 4/4
   565 | D:1      | Reached XP level 3. HP: 31/31 MP: 5/5
   683 | D:2      | Slain by a worm

Vault maps used:
D:1:      onia_arrival_pyramid

Skill      XL: |  1  2  3 |
---------------+----------+-----
Conjurations   | 1 |  1.7
Unarmed Combat | 1 2 |  2.0
Dodging        | |  1.5
Stealth        | |  1.0
Spellcasting   | |  2.0
Summonings     | |  0.6
Translocations | |  0.6

Action                   || total
-------------------------++-------
Melee: Unarmed           ||    84
  Eat: Chunk             ||     3
Armor: Robe              ||    43
Dodge: Dodged            ||    77

Table legend:
 A = Spawn XP
 B = Non-spawn XP
 C = Spawn XP percentage of total XP
 D = Spawn monster count
 E = Non-spawn monster count
 F = Spawn count percentage of total count
 G = Total turns spent on level
                    A         B        C        D         E        F      G
               +---------+---------+-------+---------+---------+-------+---------
         Total |       0 |      56 |   0.0 |       0 |      22 |   0.0 |   683
               +---------+---------+-------+---------+---------+-------+---------
           D:1 |       0 |      42 |   0.0 |       0 |      20 |   0.0 |   643
           D:2 |       0 |      14 |   0.0 |       0 |       2 |   0.0 |    40
               +---------+---------+-------+---------+---------+-------+---------
